 Dungeon Crawl Stone Soup version 0.22-a0-429-g97ce8ef (webtiles) character file.

94 MisterFreud the Insei (level 4, -4/28 HPs)
             Began as an Octopode Transmuter on May 25, 2018.
             Slain by an ogre
             ... wielding a cursed -2 giant spiked club
              (32 damage)
             ... on level 3 of the Dungeon.
             The game lasted 00:06:00 (2471 turns).

MisterFreud the Insei (Octopode Transmuter)         Turns: 2471, Time: 00:06:01

Health: -4/28      AC:  2    Str:  9    XL:     4   Next: 63%
Magic:  3/7        EV: 13    Int: 15    God:
Gold:   65         SH:  0    Dex: 13    Spells: 1/7 levels left

rFire    . . .     SeeInvis .     - Unarmed
rCold    . . .     Gourm    .   (no shield)
rNeg     . . .     Faith    .   (helmet restricted)
rPois    .         Spirit   .   (no amulet)
rElec    .         Reflect  .   l - +1 ring of protection
rCorr    +         Harm     .   n - ring of resist corrosion
MR       .....                  (no ring)
Stlth    ++........             (no ring)
HPRegen  0.09/turn              (no ring)
MPRegen  0.10/turn              (no ring)
                                (no ring)
                                (no ring)

@: no status effects
A: almost no armour, stealthy swim, amphibious, 8 rings, constrict 8, camouflage
1, gelatinous body 1
a: no special abilities


You were on level 3 of the Dungeon.
You were not hungry.

You visited 1 branch of the dungeon, and saw 3 of its levels.

You collected 65 gold pieces.

Inventory:

Hand Weapons
 b - a +0 hunting sling
Missiles
 a - 44 arrows
 e - 48 stones (quivered)
 f - 13 poisoned needles
 p - 18 bolts
 q - 5 tomahawks of dispersal
 s - 27 sling bullets
Jewellery
 l - a +1 ring of protection (left tentacle)
 n - a ring of resist corrosion (right tentacle)
Scrolls
 d - 2 scrolls of remove curse {unknown}
 g - 2 scrolls of teleportation {unknown}
 h - a scroll of identify {unknown}
 j - a scroll of enchant armour {unknown}
 k - 2 scrolls of fog {unknown}
 m - 2 scrolls of immolation {unknown}
 o - a scroll of enchant weapon {unknown}
 u - 3 scrolls of magic mapping {unknown}
Potions
 i - a potion of brilliance {unknown}
 r - 2 potions of heal wounds {unknown}
 v - a potion of curing {unknown}
Comestibles
 c - 6 rations
 t - 2 chunks of flesh


   Skills:
 - Level 1.0 Fighting
 - Level 2.0 Dodging
 * Level 5.2 Unarmed Combat
 - Level 2.0 Spellcasting
 - Level 2.0 Transmutations


You had one spell level left.
You knew the following spells:

 Your Spells              Type           Power        Failure   Level  Hunger
a - Beastly Appendage     Tmut           #.....       10%         1    #......
b - Sticks to Snakes      Tmut           #.......     14%         2    ###....
c - Spider Form           Tmut/Pois      #.........   41%         3    ###....

Your spell library contained the following spells:

 Spells                   Type           Power        Failure   Level  Hunger
 Blade Hands              Tmut           #.........   95%         5    ######.
 Ice Form                 Ice/Tmut       #.......     82%         4    #####..


Dungeon Overview and Level Annotations

Branches:
Dungeon (3/15)

Altars:
Kikubaaqudgha


Innate Abilities, Weirdness & Mutations

You cannot wear most types of armour.
You are very stealthy in the water. (Stealth+)
You are amphibious.
You can wear up to eight rings at the same time.
You can use your tentacles to constrict eight enemies at once.
Your skin changes colour to match your surroundings (Stealth+).
Your rubbery body absorbs attacks. (AC +1, EV +1)


Message History

This raw flesh tastes terrible.
There is a stone staircase leading down here.
You climb downwards.
There is a stone staircase leading up here.
You see here a leopard gecko skeleton.
The ogre is too close now for your liking.
Cast which spell? (? or * to list)
You create a snake!
You now have 45 arrows.
The ogre shouts!
Casting: Sticks to Snakes (safe; 14% risk of failure)
Confirm with . or Enter, or press ? or * to list all spells.
You create a snake!
You now have 44 arrows.
Your adder bites the ogre.
Your adder bites the ogre.
The ogre is poisoned.
Your adder poisons the ogre!
Your ball python barely misses the ogre.
Your adder bites the ogre.
The ogre looks even sicker.
Your adder poisons the ogre!
The ogre hits you with a giant spiked club!!
Ouch! That really hurt!
You die...

#........#########
##############...#
#.............#..#
#.............#..##
#...............>.#
#.................#
#..........K..SS..#
#.............O####
#..).......###@#
#..........# #.#
#..........#
#.###########
#..........#
#.......รท...#
############
###########.# #.#.#
#...# #.#######
#.......#


You could see an ogre, a kobold, a friendly adder and a friendly ball python.

Vanquished Creatures
  3 adders
  A worm (D:2)
  3 dart slugs
  3 leopard geckos
  An orc (D:3)
  3 giant cockroaches
  7 goblins
  5 hobgoblins
  4 jackals (D:1)
  5 kobolds
  A quokka (D:3)
  2 ball pythons
  7 bats
  2 frilled lizards
  6 rats
53 creatures vanquished.

Notes
Turn   | Place    | Note
-------+----------+-------------------------------------------
     0 | D:1      | MisterFreud the Octopode Transmuter began the quest for the Orb.
     0 | D:1      | Reached XP level 1. HP: 13/13 MP: 3/3
    87 | D:1      | Reached XP level 2. HP: 15/18 MP: 5/5
   469 | D:1      | Reached skill level 4 in Unarmed Combat
   511 | D:1      | Reached XP level 3. HP: 19/23 MP: 6/6
  1064 | D:2      | Found an ancient bone altar of Kikubaaqudgha.
  1255 | D:2      | HP: 1/23 [dart slug/slug dart (6)]
  1782 | D:3      | Reached XP level 4. HP: 28/28 MP: 7/7
  1828 | D:3      | Reached skill level 5 in Unarmed Combat
  2342 | D:3      | Noticed an ogre
  2364 | D:2      | Learned a level 2 spell: Sticks to Snakes
  2368 | D:2      | Learned a level 3 spell: Spider Form
  2471 | D:3      | Slain by an ogre

Vault maps used:
D:1:      saegor_arrival_simple_b
D:2:      overflow_temple_1_default, first_ration

Skill      XL: |  1  2  3  4 |
---------------+-------------+-----
Unarmed Combat | 4 5 |  5.2
Fighting       | |  1.0
Dodging        | |  2.0
Spellcasting   | |  2.0
Transmutations | |  2.0

Action                   |  1- 3 |  4- 6 || total
-------------------------+-------+-------++-------
Melee: Unarmed           |    73 |    38 ||   111
       Constrict         |    20 |     9 ||    29
       Tentacles         |     7 |     4 ||    11
 Fire: Hunting sling     |     2 |       ||     2
Throw: Stone             |       |     1 ||     1
 Cast: Sticks to Snakes  |       |     2 ||     2
 Stab: Sleeping          |     6 |     3 ||     9
  Eat: Chunk             |     1 |     4 ||     5
Armor: Skin              |     6 |    16 ||    22
Dodge: Dodged            |    29 |    34 ||    63

Table legend:
 A = Spawn XP
 B = Non-spawn XP
 C = Spawn XP percentage of total XP
 D = Spawn monster count
 E = Non-spawn monster count
 F = Spawn count percentage of total count
 G = Total turns spent on level
                    A         B        C        D         E        F      G
               +---------+---------+-------+---------+---------+-------+---------
         Total |       0 |     135 |   0.0 |       0 |      53 |   0.0 |  2471
               +---------+---------+-------+---------+---------+-------+---------
           D:1 |       0 |      44 |   0.0 |       0 |      23 |   0.0 |  1130
           D:2 |       0 |      38 |   0.0 |       0 |      13 |   0.0 |   706
           D:3 |       0 |      53 |   0.0 |       0 |      17 |   0.0 |   635
               +---------+---------+-------+---------+---------+-------+---------
